 Dungeon Crawl Stone Soup version 0.24.0-13-gcf9b3192b9 (webtiles) character file.

Game seed: 8877580062043488493, levelgen mode: deterministic

173 Curus the Twirler (level 5, -5/38 HPs)
             Began as a Demonspawn Gladiator on Nov 9, 2019.
             Killed from afar by Natasha (10 damage)
             ... with a magic dart
             ... on level 4 of the Dungeon.
             The game lasted 00:08:16 (3252 turns).

Curus the Twirler (Demonspawn Gladiator)            Turns: 3252, Time: 00:08:17

Health: -5/38      AC:  5    Str: 14      XL:     5   Next: 28%
Magic:  14/14      EV: 27    Int:  9 (10) God:
Gold:   157        SH:  0    Dex: 14 (15) Spells: 4/4 levels left

rFire    . . .     SeeInvis .   a - +0 quarterstaff
rCold    + . .     Gourm    .   (shield currently unavailable)
rNeg     . . .     Faith    .   l - +1 leather armour {MR+}
rPois    .         Spirit   .   c - +0 helmet
rElec    .         Reflect  .   (no cloak)
rCorr    .         Harm     .   (no gloves)
MR       +....                  (no boots)
Stlth    +.........             e - amulet of the acrobat
HPRegen  0.12/turn              m - ring of magical power
MPRegen  0.14/turn              (no ring)

@: acrobat
A: talons 1, cold resistance 1, demonic guardian 1
a: no special abilities


You were on level 4 of the Dungeon.
You were hungry.

You visited 1 branch of the dungeon, and saw 4 of its levels.

You collected 157 gold pieces.

Inventory:

Hand Weapons
 a - a +0 quarterstaff (weapon)
Missiles
 d - 2 throwing nets (quivered)
Armour
 b - a +0 leather armour
 c - a +0 helmet (worn)
 l - a +1 leather armour of magic resistance (worn)
Jewellery
 e - an amulet of the acrobat (around neck)
 h - an uncursed amulet of magic regeneration
 m - a ring of magical power (left hand)
Wands
 k - a wand of flame (12)
Scrolls
 g - 2 scrolls of identify
Potions
 i - a potion of heal wounds
 j - a potion of curing
Comestibles
 f - 4 rations


   Skills:
 - Level 2.0 Fighting
 + Level 5.5 Staves
 - Level 1.7 Throwing
 - Level 2.6 Dodging


You had 4 spell levels left.
You didn't know any spells.
Your spell library was empty.

Dungeon Overview and Level Annotations

Branches:
Dungeon (4/15)
 Temple: D:4-7

Altars:
Ru
The Shining One

Annotations:
D:4 Edmund, Natasha


Innate Abilities, Weirdness & Mutations

You have sharp toenails.
Your flesh is cold resistant. (rC+)
A weak demonic guardian rushes to your aid.


Message History

Your shadow imp closely misses the crimson imp.
Edmund says, "I might not be good at magic, but I can still kill you!"
The crimson imp blinks!
The crimson imp hits your shadow imp but does no damage.
Your shadow imp misses the crimson imp.
You see here a cursed -3 war axe.
Natasha casts a spell.
Your shadow imp closely misses Natasha.
Your shadow imp hits Edmund but does no damage.
Your shadow imp gestures at Edmund.
Natasha struggles to resist.
Your shadow imp hits Edmund.
Edmund hits your shadow imp with a +0 flail of protection!
Your shadow imp hits Edmund but does no damage.
Edmund barely misses your shadow imp.
Your shadow imp barely misses Edmund.
Edmund misses your shadow imp.
Your shadow imp barely misses Edmund.
The crimson imp hits your shadow imp but does no damage.
Edmund hits your shadow imp with a +0 flail of protection.
Natasha stares at you and mumbles some strange words.
The magic dart hits you!
You die...

,*#.##.* #........#.......#
**#....## #........#.......#
****#..<###...>....#.......# ,*
##†............##.....## ,*
#.###.........##.....## ,** #.*
##.#####.##.......#
,,***#.**##.#####.##.>.....#
,,,,,..,,..................#
,,,,,..,*#######@.##......##
,,,,...,,########....#...##
,,,,,,,,,..........#######
,,,,,,,,*....####h.###
,,,,,,,,,.,....##....##
,,,,,,,,,,#.#.........#
,,,,,**,**#.##....@...#########
,,,*,**,*
#..##..5)...#...#...##
.#.#.**,*
**..####5##..........##


You could see Edmund, Natasha and a friendly shadow imp.

Vanquished Creatures
  A howler monkey skeleton (D:4)
  4 adders
  2 oozes
  5 dart slugs
  5 leopard geckos
  7 orcs
  8 bats
  9 goblins
  9 hobgoblins
  7 jackals
  3 ball pythons
  4 frilled lizards
  10 kobolds
  6 rats
80 creatures vanquished.

Vanquished Creatures (collateral kills)
  Jessica (D:2)
1 creature vanquished.

Grand Total: 81 creatures vanquished

Notes
Turn   | Place    | Note
-------+----------+-------------------------------------------
     0 | D:1      | Curus the Demonspawn Gladiator began the quest for the Orb.
     0 | D:1      | Reached XP level 1. HP: 16/16 MP: 1/1
   134 | D:1      | Reached skill level 3 in Staves
   250 | D:1      | Gained mutation: A weak demonic guardian rushes to your
                  | aid. [demonic ancestry]
   250 | D:1      | Reached XP level 2. HP: 21/22 MP: 2/2
   711 | D:1      | Gained mutation: You have sharp toenails. [demonic
                  | ancestry]
   711 | D:1      | Reached XP level 3. HP: 26/27 MP: 3/3
   782 | D:1      | Reached skill level 4 in Staves
  1288 | D:2      | Reached XP level 4. HP: 14/33 MP: 4/4
  1838 | D:2      | Noticed Jessica
  1848 | D:2      | Killed Jessica
  1910 | D:3      | Found a sacrificial altar of Ru.
  1938 | D:3      | Reached skill level 5 in Staves
  2136 | D:3      | Found a glowing golden altar of the Shining One.
  2309 | D:3      | Gained mutation: Your flesh is cold resistant. (rC+)
                  | [demonic ancestry]
  2309 | D:3      | Reached XP level 5. HP: 38/38 MP: 5/5
  2808 | D:4      | Noticed a black bear
  3206 | D:4      | Noticed Edmund
  3206 | D:4      | Noticed Natasha
  3252 | D:4      | Killed from afar by Natasha

Levels and vault maps discovered:
D:1:      ncdulo_wetmaze, layout_loops_corners, corexii_corridor_pit
D:2:      layout_loops_ring, uniq_jessica
D:3:      layout_basic, lemuel_coloured_pillars_altar, lemuel_doored_altar,
          first_ration, kennysheep_generic_room_14
D:4:      layout_rooms, serial_park_tiny_1, uniq_edmund, uniq_natasha

Skill      XL: |  1  2  3  4 |
---------------+-------------+-----
Staves         | 3 4 5 |  5.5
Fighting       | |  2.0
Throwing       | |  1.7
Dodging        | |  2.6

Action                   |  1- 3 |  4- 6 || total
-------------------------+-------+-------++-------
Melee: Quarterstaff      |   131 |    93 ||   224
       Kick              |    11 |    16 ||    27
Throw: Throwing net      |       |     1 ||     1
Evoke: Wand              |       |     1 ||     1
  Use: Scroll            |     1 |     4 ||     5
       Potion            |     4 |     2 ||     6
 Stab: Sleeping          |     5 |     2 ||     7
  Eat: Chunk             |     1 |     6 ||     7
Armor: Leather armour    |    35 |    23 ||    58
Dodge: Dodged            |    78 |    57 ||   135
